 Dungeon Crawl Stone Soup version 0.16.1-51-g6203257 (webtiles) character file.

1201 uhvn the Chiller (level 8, -3/57 HPs)
             Began as a Demigod Ice Elementalist on July 7, 2015.
             Killed by divine providence
             ... invoked by an orc priest
              (16 damage)
             ... on level 5 of the Dungeon.
             The game lasted 00:43:28 (5001 turns).

uhvn the Chiller (Demigod Ice Elementalist)         Turns: 5001, Time: 00:43:28

Health: -3/57      AC:  4    Str: 11    XL:     8   Next: 1%
Magic:  28/32      EV: 13    Int: 23    God:
Gold:   172        SH:  0    Dex: 16    Spells: 3 memorised, 13 levels left

rFire  . . .     SeeInvis +     i - +2 short sword (drain)
rCold  . . .     Clarity  .     j - +1 robe {MR+}
rNeg   . . .     SustAb   +     (no shield)
rPois  .         Gourm    .     (no helmet)
rElec  .         Spirit   .     (no cloak)
rCorr  .         Warding  .     (no gloves)
rMut   .         Stasis   .     d - +0 pair of boots
MR     +....                    (no amulet)
Stlth  ++........               y - ring of see invisible
                                u - ring of magical power

@: somewhat resistant to hostile enchantments, unstealthy
A: sustain abilities
a: no special abilities


You were on level 5 of the Dungeon.
You were hungry.

You visited 1 branch of the dungeon, and saw 6 of its levels.

You collected 172 gold pieces.

Inventory:

Hand weapons
 i - a +2 short sword of draining (weapon)
 p - a +2 dagger of flaming
Armour
 a - a +0 robe
 d - a +0 pair of boots (worn)
 j - a +1 robe of magic resistance (worn)
Jewellery
 e - an uncursed ring of fire
 u - a ring of magical power (left hand)
 y - a ring of see invisible (right hand)
Magical devices
 v - a wand of hasting (4)
Scrolls
 h - a scroll of magic mapping {unknown}
 n - a scroll of fear {unknown}
 o - a scroll of random uselessness {unknown}
 q - a scroll of immolation {unknown}
 r - a scroll of enchant armour {unknown}
 w - a scroll of remove curse {unknown}
 A - a scroll of blinking {unknown}
Potions
 f - 2 potions of brilliance {unknown}
 g - a potion of lignification {unknown}
 k - a potion of haste {unknown}
 l - a potion of restore abilities {unknown}
 m - 2 potions of curing {unknown}
 z - a potion of might {unknown}
Books
 b - a book of Frost

   Spells                             Type                      Level
   a - Freeze                         Ice                          1
   b - Throw Frost                    Conjuration/Ice              2
   c - Ozocubu's Armour               Charms/Ice                   3
   d - Throw Icicle                   Conjuration/Ice              4
   e - Summon Ice Beast               Ice/Summoning                4
   f - Condensation Shield            Ice                          4
 s - a book of Maledictions

   Spells                             Type                      Level
   a - Corona                         Hexes                        1
   b - Sure Blade                     Hexes/Charms                 2
   c - Ensorcelled Hibernation        Hexes/Ice                    2
   d - Confuse                        Hexes                        3
   e - Dazzling Spray                 Conjuration/Hexes            3
   f - Enslavement                    Hexes                        4
Comestibles
 c - 3 bread rations
 t - 2 meat rations
 x - a beef jerky


   Skills:
 + Level 0.1 Fighting
 + Level 0.1 Short Blades
 + Level 3.2 Dodging
 + Level 2.4 Stealth
 + Level 0.1 Unarmed Combat
 + Level 5.5 Spellcasting
 + Level 2.3 Conjurations
 + Level 6.0 Ice Magic


You had 13 spell levels left.
You knew the following spells:

 Your Spells              Type           Power        Failure   Level  Hunger
a - Freeze                Ice            ####         1%          1    None
b - Throw Frost           Conj/Ice       ####..       2%          2    None
c - Sure Blade            Hex/Chrm       #.........   17%         2    None


Dungeon Overview and Level Annotations

Branches:
Dungeon (6/15)
 Temple: D:4-7


Innate Abilities, Weirdness & Mutations

Your attributes are resistant to harm.


Message History

Press: ? - help, Shift-Dir - straight line, f - orc wizard
Aim: an orc wizard, wielding a dagger and wearing a robe The puff of frost hits the orc wizard.
The orc wizard is moderately wounded.
The orc wizard zaps a wand.
The bolt of cold hits you!
It is a wand of cold.
The orc throws a stone.
The stone hits you but does no damage.
You see here a stone.
The orc wizard zaps a wand.
The bolt of cold hits you!
* * * LOW HITPOINT WARNING * * *
The orc throws a stone.
The stone completely misses you.
You see here a stone.
The shadow imp laughs crazily.
The shadow imp hits you.
* * * LOW HITPOINT WARNING * * *
You see here a trident of piercing.
The shadow imp gestures at the surrounding area.
You see here a giant spiked club.
The orc priest invokes the aid of Beogh against you.
Something smites you!
You die...

#............# #............#
##### #............# #...#
#............#####.#.#
####................#.#.#
.'_'....#...###.###.#.#.####
.###..>.+..................##
........#...####.....<..##..#
........#...####@...#######.###
........#...#.)).........)....#
.............5###..########...#
.............(#....#.... ##..#
.................#....###. ..#
.............o.(..o....... ....
.......†.....##..###.......
....#
####.........##(...........
.... #............#####...... #
.


You could see an orc priest and a shadow imp.

Vanquished Creatures
  Edmund (D:4)
  2 centaurs (D:4)
  An ogre (D:5)
  A water moccasin zombie (D:5)
  A scorpion (D:4)
  An iguana (D:5)
  3 orc priests (D:4)
  4 hounds
  5 orc wizards
  Natasha (thrice) (D:3)
  3 worker ants
  A killer bee zombie (D:5)
  Ijyb (D:2)
  8 adders
  A giant mite (D:2)
  A worm (D:5)
  3 giant geckos
  21 orcs
  A ball python (D:4)
  A bat skeleton (D:4)
  A giant cockroach (D:3)
  11 goblins
  13 hobgoblins
  10 kobolds
  3 quokkas
  8 bats
  5 giant newts
  5 jackals
  14 rats
133 creatures vanquished.

Notes
Turn   | Place    | Note
--------------------------------------------------------------
     0 | D:1      | uhvn, the Demigod Ice Elementalist, began the quest for the Orb.
     0 | D:1      | Reached XP level 1. HP: 14/14 MP: 3/3
    96 | D:1      | Reached skill level 3 in Ice Magic
   250 | D:1      | Reached XP level 2. HP: 20/20 MP: 2/4
   258 | D:1      | Learned a level 2 spell: Throw Frost
   843 | D:2      | Reached skill level 1 in Conjurations
  1056 | D:2      | Reached XP level 3. HP: 23/26 MP: 4/8
  1110 | D:2      | Noticed Ijyb
  1123 | D:2      | Killed Ijyb
  1280 | D:2      | Reached XP level 4. HP: 31/33 MP: 4/11
  2101 | D:3      | Noticed Natasha
  2110 | D:3      | Killed Natasha
  2139 | D:3      | Noticed Natasha
  2204 | D:3      | Killed Natasha
  2281 | D:3      | Noticed Natasha
  2287 | D:3      | Killed Natasha
  2524 | D:3      | Reached XP level 5. HP: 38/38 MP: 1/14
  3038 | D:4      | Reached skill level 4 in Ice Magic
  3219 | D:4      | Noticed Edmund
  3231 | D:4      | Killed Edmund
  3231 | D:4      | Reached XP level 6. HP: 13/45 MP: 16/17
  3523 | D:4      | Reached skill level 5 in Ice Magic
  3765 | D:4      | Reached XP level 7. HP: 42/50 MP: 20/20
  4068 | D:4      | Reached skill level 5 in Spellcasting
  4117 | D:5      | Entered Level 5 of the Dungeon
  4665 | D:5      | Found an opulent altar of Gozag.
  4775 | D:5      | Reached skill level 6 in Ice Magic
  4827 | D:5      | Learned a level 2 spell: Sure Blade
  4853 | D:5      | Reached XP level 8. HP: 57/57 MP: 23/23
  5001 | D:5      | Killed from afar by an orc priest

Action                   |  1- 3 |  4- 6 |  7- 9 || total
-------------------------+-------+-------+-------++-------
Melee: Unarmed           |     7 |       |       ||     7
       Short sword       |    13 |     9 |    22 ||    44
 Cast: Freeze            |    32 |    74 |    61 ||   167
       Throw Frost       |    17 |    64 |    36 ||   117
       Sure Blade        |       |       |     1 ||     1
  Eat: Chunk             |     2 |     9 |     4 ||    15
